 Dungeon Crawl Stone Soup version 0.29.1-13-g9f3cf754e1 (webtiles) character file.

Game seed: 3300551063739779099

143 cheesebisquit the Sneak (level 5, -6/25 HPs)
             Began as a Spriggan Enchanter on Jan 19, 2023.
             Killed by divine providence
             ... invoked by an orc priest
              (14 damage)
             ... on level 3 of the Dungeon.
             The game lasted 00:27:14 (8320 turns).

cheesebisquit the Sneak (Spriggan Enchanter)        Turns: 8320, Time: 00:27:15

Health: -6/25      AC:  2    Str:  4    XL:     5   Next: 4%
Magic:  11/11      EV: 18    Int: 16    God:
Gold:   32         SH:  0    Dex: 18    Spells: 5/11 levels left

rFire   . . .      SeeInvis +   a - +1 dagger
rCold   . . .      Faith    .   (no shield)
rNeg    + . .      Spirit   .   b - +0 robe
rPois   .          Reflect  .   (helmet restricted)
rElec   .          Harm     .   (no cloak)
rCorr   .          Rampage  .   (gloves unavailable)
Will    .....                   (boots unavailable)
Stlth   +++.......              (no amulet)
HPRegen 0.08/turn               d - ring of wizardry
MPRegen 0.12/turn               l - ring of positive energy

@: very quick
A: very small, no large weapons, unfitting armour, see invisible, speed 3
a: no special abilities


You were on level 3 of the Dungeon.
You visited 1 branch of the dungeon, and saw 4 of its levels.

You collected 153 gold pieces.
You spent 121 gold pieces at shops.

Inventory:

Hand Weapons
 a - a +1 dagger (weapon)
Armour
 b - a +0 robe (worn)
Jewellery
 d - a ring of wizardry (left hand)
 l - a ring of positive energy (right hand)
Scrolls
 e - a scroll of blinking {unknown}
 f - a scroll of noise {unknown}
 h - 4 scrolls of identify {unknown}
Potions
 c - a potion of flight {unknown}
 g - a potion of heal wounds
 i - 2 potions of curing
 j - a potion of magic {unknown}
 k - a potion of attraction {unknown}
 m - a potion of might {unknown}


   Skills:
 + Level 0.5 Fighting
 * Level 2.9 Short Blades
 + Level 3.6 Dodging
 + Level 5.3 Stealth
 + Level 3.5 Spellcasting
 + Level 4.3 Hexes


You had 5 spell levels left.
You knew the following spells:

 Your Spells              Type           Power      Damage    Failure   Level
a - Confusing Touch       Hex            16%        N/A       3%          3
b - Tukima's Dance        Hex            16%        N/A       3%          3

Your spell library contained the following spells:

 Spells                   Type           Power      Damage    Failure   Level
 Ensorcelled Hibernation  Hex/Ice        18%        N/A       4%          2
 Dazzling Flash           Conj/Hex       18%        N/A       9%          3


Dungeon Overview and Level Annotations

Branches:
Dungeon (4/15)
 Temple: D:4-7

Altars:
Gozag
Kikubaaqudgha
Okawaru

Shops:
D:3 !


Innate Abilities, Weirdness & Mutations

You are very small and have problems with some larger weapons.
You are too small for most types of armour.
You have supernaturally acute eyesight. (SInv)
You cover ground extremely quickly. (Speed+++)


Message History

There is a stone staircase leading up here.
You climb upwards.
There is a stone staircase leading down, spattered with blood here.
You start resting.
HP restored.
There is an open door here.
There is a stone staircase leading down here.
You now have 32 gold pieces (gained 3).
Things that are here:
a +0 chain mail; a +0 dagger Done exploring.
Done exploring.
There is a stone staircase leading down here.
You climb downwards.
There is a stone staircase leading up, spattered with blood here.
Done exploring.
Items here: ))) [[[.
Things that are here:
a +0 leather armour; a +0 hand axe
There is a stone staircase leading down here.
You barely miss the orc wizard.
The orc wizard gestures at you while chanting.
The magic dart hits you.
You miss the orc wizard.
You hit the orc wizard but do no damage.
The orc wizard hits you with a +0 dagger.
You barely miss the orc wizard. The orc wizard closely misses you.
You barely miss the orc wizard.
The orc wizard gestures at you while chanting.
The puff of flame hits you!
You barely miss the orc wizard. You closely miss the orc wizard.
The orc wizard hits you with a +0 dagger.
The orc priest shouts!
You hit the orc wizard but do no damage.
You punch the orc wizard, but do no damage.
The orc priest mumbles some strange prayers to Beogh against you.
Beogh smites you!
Ouch! That really hurt!
You die...

#######.######.####......#.......
........##.............#.#.#####.
........##.........###'#.#.# #.
........##.........##.<....# #.
.........#.........##..[...#####.
.......#.#.o.......##............
.......#...........##.....#####..
.......###.........##.......[.#..
................@..........##[#.#
####............o..........#.<#.#
#†.....##.######........####.#
##......##.....##.............#
##.......................#####.#
##...#....................# #..
#...###....[..............# #..
..........................# #..
..#.).).#...............>.# ##.


You could see an orc priest and an orc wizard.

Vanquished Creatures
  Jessica (D:2)
  3 adders (D:3)
  A worm (D:2)
  A dart slug (D:1)
  12 orcs
  8 endoplasms
  5 giant cockroaches
  3 goblins
  5 hobgoblins
  2 jackals (D:2)
  3 quokkas
  6 ball pythons
  11 bats
  2 frilled lizards
  3 kobolds
  A rat (D:2)
67 creatures vanquished.

Notes
Turn   | Place    | Note
-------+----------+-------------------------------------------
     0 | D:1      | cheesebisquit the Spriggan Enchanter began the quest for
                  | the Orb.
     0 | D:1      | Reached XP level 1. HP: 9/9 MP: 5/5
   815 | D:1      | Reached XP level 2. HP: 13/13 MP: 6/6
  1198 | D:1      | Found a faded altar of an unknown god.
  2141 | D:1      | Reached XP level 3. HP: 16/16 MP: 8/8
  2765 | D:2      | Found an opulent altar of Gozag.
  2934 | D:2      | Noticed Jessica
  2947 | D:2      | Killed Jessica
  2948 | D:2      | Reached skill level 5 in Stealth
  2948 | D:2      | Reached XP level 4. HP: 8/21 MP: 9/9
  3267 | D:2      | Identified the +1 pair of boots of Sorcery {rF++ Will++
                  | Slay+3}
  3753 | D:3      | Found an iron altar of Okawaru.
  5764 | D:3      | Found Xifooruu's Distillery.
  5796 | D:3      | Bought a potion of heal wounds for 55 gold pieces
  5796 | D:3      | Bought a potion of curing for 33 gold pieces
  5796 | D:3      | Bought a potion of curing for 33 gold pieces
  7371 | D:3      | Reached XP level 5. HP: 25/25 MP: 11/11
  7375 | D:3      | Learned a level 3 spell: Confusing Touch
  7379 | D:3      | Learned a level 3 spell: Tukima's Dance
  7682 | D:3      | Found an ancient bone altar of Kikubaaqudgha.
  8320 | D:3      | Killed from afar by an orc priest

Illustrated notes

Levels and vault maps discovered:
D:1:      sevenhm_arrival_forest_fort_large_2, layout_basic,
          shapermc_ecumenical_altar_ellora
D:2:      layout_basic, basic_altar, uniq_jessica
D:3:      wander_river, layout_basic, general_overflow_altar,
          okawaru_ov_weapons_minmay, serial_shops, shop_statue,
          nicolae_figureground_pulse
D:4:      layout_basic, mainiacjoe_overflow_cross_hatched,
          minmay_temple_entry_glassed_door, gammafunk_ghost_nasty_kobolds

Skill      XL: |  1  2  3 |
---------------+----------+-----
Dodging        | 3 |  3.6
Spellcasting   | 3 |  3.5
Short Blades   | 2 |  2.9
Hexes          | 4 |  4.3
Stealth        | 5 |  5.3
Fighting       | |  0.5

Action                   |  1- 3 |  4- 6 || total
-------------------------+-------+-------++-------
Melee: Dagger            |   122 |   320 ||   442
       Punch             |     1 |     5 ||     6
Throw: Dart              |     9 |     4 ||    13
       Stone             |       |     5 ||     5
  Use: Potion            |       |     4 ||     4
 Stab: Sleeping          |     9 |     2 ||    11
       Distracted        |       |     1 ||     1
Armor: Robe              |    16 |    25 ||    41
Dodge: Dodged            |    84 |   225 ||   309
